 Dungeon Crawl Stone Soup version 0.18.1-5-g4a78601 (webtiles) character file.

15349 Loki the Basher (level 12, -6/76 HPs)
             Began as a Gargoyle Fighter on May 9, 2016.
             Was the Champion of Okawaru.
             Mangled by a spiny frog (13 damage)
             ... on level 1 of the Lair of Beasts.
             The game lasted 00:50:24 (10851 turns).

Loki the Basher (Gargoyle Fighter)                 Turns: 10851, Time: 00:50:25

Health: -6/76      AC: 24    Str: 22    XL:     12   Next: 26%
Magic:  27/27      EV:  6    Int:  8    God:    Okawaru [******]
Gold:   162        SH: 13    Dex: 13    Spells: 4 memorised, 2 levels left

rFire  . . .     SeeInvis .     a - +0 whip (elec)
rCold  . . .     Gourm    .     x - +0 plate armour
rNeg   + . .     Faith    +     c - +1 shield
rPois  ∞         Spirit   .     (no helmet)
rElec  +         Dismiss  .     (no cloak)
rCorr  .         Reflect  .     (no gloves)
SustAt .         Harm     .     j - +0 pair of boots
MR     .....                    B - amulet of faith
Stlth  ..........               (no ring)
                                M - ring of magical power

@: not resistant to hostile enchantments, extremely unstealthy
A: negative energy resistance 1, electricity resistance, unbreathing,
petrification resistance, rot immunity, AC +8
a: Heroism, Finesse, Renounce Religion


You were on level 1 of the Lair of Beasts.
You worshipped Okawaru.
Okawaru was exalted by your worship.
You were hungry.

You visited 3 branches of the dungeon, and saw 12 of its levels.
You also visited: Ossuary.

You collected 687 gold pieces.
You spent 525 gold pieces at shops.

Inventory:

Hand Weapons
 a - a +0 whip of electrocution (weapon)
 b - a +0 morningstar
 l - a +0 blowgun of evasion
Missiles
 s - 5 javelins
 E - 52 poisoned needles
 I - 8 throwing nets
 X - 11 tomahawks (quivered)
Armour
 c - a +1 shield (worn)
 j - a +0 pair of boots (worn)
 x - a +0 plate armour (worn)
Jewellery
 g - an uncursed amulet of guardian spirit
 B - an amulet of faith (around neck)
 M - a ring of magical power (left hand)
Wands
 h - a wand of iceblast (5/15)
 y - a wand of teleportation (4/9)
 C - a wand of lightning (13/15)
 S - a wand of hasting (4/9)
Scrolls
 k - a scroll of immolation {unknown}
 m - 2 scrolls of teleportation {unknown}
 q - 2 scrolls of enchant armour
 t - 4 scrolls of remove curse
 v - 2 scrolls of enchant weapon {unknown}
 w - 2 scrolls of fog {unknown}
 A - 4 scrolls of blinking {unknown}
 H - 2 scrolls of recharging {unknown}
 J - 2 scrolls of magic mapping {unknown}
 N - a scroll of holy word {unknown}
 T - a scroll of silence {unknown}
 U - a scroll of torment {unknown}
Potions
 d - 5 potions of might
 e - 2 potions of heal wounds
 i - 7 potions of curing {unknown}
 n - 4 potions of haste {unknown}
 r - 3 potions of invisibility
 u - 2 potions of magic
 z - a potion of cancellation
 D - a potion of resistance
 G - 4 potions of agility
 K - a potion of brilliance
 L - 2 potions of flight
 O - a potion of ambrosia
 W - 3 potions of lignification
Comestibles
 f - 6 bread rations
 o - 12 royal jellies
 p - 11 beef jerkies
 Q - 3 meat rations
 V - a slice of pizza
 Y - 4 fruits


   Skills:
 + Level 9.4 Fighting
 + Level 11.2 Maces & Flails
 + Level 9.7 Armour
 + Level 1.6 Dodging
 + Level 9.5 Shields
 + Level 8.5 Invocations


You had 2 spell levels left.
You knew the following spells:

 Your Spells              Type           Power        Failure   Level  Hunger
a - Apportation           Tloc           #.........   100%        1    ##.....
p - Passage of Golubria   Tloc           N/A          100%        4    #####..
B - Blink                 Tloc           N/A          100%        2    ###....
M - Repel Missiles        Chrm/Air       #.....       100%        2    ###....


Dungeon Overview and Level Annotations

Branches:
Dungeon (10/15)            Temple (1/1) D:4            Lair (1/8) D:10
    Orc: D:9-12

Altars:
Cheibriados
Dithmenos
Elyvilon
Fedhas
Gozag
Kikubaaqudgha
Makhleb
Nemelex Xobeh
Okawaru
Pakellas
Qazlal
Sif Muna
Trog
Xom
Yredelemnul
Zin
The Shining One

Shops:
D:9 !   D:10 (

Annotations:
D:7 2 runed doors


Innate Abilities, Weirdness & Mutations

You are resistant to torment.
Your stone body is resilient (AC +8).
You are immune to poison.
You resist negative energy.
You are resistant to electric shocks.
You can survive without breathing.
You are immune to petrification.
You are immune to rotting.


Message History

The spiny frog stings you but does no damage.
You closely miss the spiny frog.
The spiny frog is moderately wounded.
You block the spiny frog's attack.
You hit the spiny frog.
The spiny frog is moderately wounded.
You hit the spiny frog.
There is a sudden explosion of sparks!
The spiny frog is severely wounded.
You block the spiny frog's attack.
You hit the spiny frog.
The spiny frog is severely wounded.
The spiny frog stings you!
* * * LOW HITPOINT WARNING * * *
You hit the spiny frog but do no damage.
There is a sudden explosion of sparks!
The spiny frog is almost dead.
You closely miss the spiny frog.
The spiny frog is almost dead.
The spiny frog stings you!
You die...

#..##
##.........
##.##
#..... ..
##..# P...
. #P..## ..
###..##
#...#
##..P#
#...##
##.@##
#†FP# #..##
. ###..##


FF. ##.....##..# ##.........# ##.F....##### #..##..## #####.## You could see a
spiny frog.

Vanquished Creatures
  Snorg (D:10)
  A hydra (D:7)
  Nergalle (D:10)
  Pikel (D:9)
  2 hill giants
  Joseph (D:8)
  A spiny frog (Lair:1)
  A gargoyle (D:9)
  A komodo dragon (Lair:1)
  2 two-headed ogres
  4 blink frogs (Lair:1)
  A slime creature (D:7)
  A vampire (D:10)
  15 yaks
  A basilisk (Lair:1)
  3 hippogriffs
  3 hungry ghosts
  Duvessa (D:5)
  A soldier ant (D:10)
  4 porcupines
  An ice beast (D:10)
  4 sky beasts
  2 slaves (D:9)
  4 orc warriors
  2 wasps (D:10)
  2 black bears (D:6)
  A necrophage (D:7)
  3 ogres
  3 phantoms
  3 centaurs
  3 crocodiles (D:10)
  Blork the orc (D:6)
  2 big kobolds
  A wyvern zombie (D:8)
  14 giant frogs
  Dowan (D:5)
  6 scorpions
  3 howler monkeys
  A centaur zombie (Ossuary)
  3 crimson imps
  A giant frog zombie (D:7)
  2 giant frog skeletons
  5 orc priests
  9 hounds
  2 jellies
  2 iguanas
  3 orc wizards (D:7)
  3 worker ants
  5 big kobold zombies (Ossuary)
  A hound zombie (D:7)
  3 hound skeletons
  4 mummies (Ossuary)
  2 worker ant zombies
  4 gnolls (D:8)
  18 adders
  2 howler monkey skeletons
  11 river rats
  A shadow imp (D:10)
  2 worms
  3 dart slugs (D:2)
  4 giant geckos
  24 orcs
  7 bats
  4 giant cockroaches
  6 goblins
  A hobgoblin (D:1)
  8 jackals
  5 quokkas
  A giant gecko skeleton (D:4)
  A giant gecko zombie (D:5)
  7 giant newts
  A hobgoblin zombie (Ossuary)
  25 kobolds
  A kobold zombie (D:5)
  8 rats
292 creatures vanquished.

Vanquished Creatures (others)
  An orc warrior (D:9)
  An orc wizard (D:9)
  A killer bee zombie (D:9)
  A bush (D:10)
  A fungus (D:10)
  11 plants (D:10)
16 creatures vanquished.

Grand Total: 308 creatures vanquished

Notes
Turn   | Place    | Note
--------------------------------------------------------------
     0 | D:1      | Loki the Gargoyle Fighter began the quest for the Orb.
     0 | D:1      | Reached XP level 1. HP: 14/14 MP: 1/1
   415 | D:1      | Reached XP level 2. HP: 19/19 MP: 2/2
   810 | D:2      | Reached XP level 3. HP: 20/23 MP: 3/3
   952 | D:2      | Reached skill level 3 in Maces & Flails
  1230 | D:3      | Reached XP level 4. HP: 28/28 MP: 4/4
  1606 | D:3      | Reached XP level 5. HP: 32/33 MP: 5/5
  2298 | D:4      | Found a staircase to the Ecumenical Temple.
  2307 | Temple   | Entered the Ecumenical Temple
  2354 | Temple   | Became a worshipper of Warmaster Okawaru
  2520 | D:4      | Reached skill level 4 in Maces & Flails
  2520 | D:4      | Reached XP level 6. HP: 36/38 MP: 6/6
  3033 | D:5      | Entered Level 5 of the Dungeon
  3039 | D:5      | Noticed a hungry ghost
  3131 | D:5      | Found a sand-covered staircase.
  3232 | Ossuary  | Entered an ossuary
  3260 | Ossuary  | Reached skill level 1 in Invocations
  3289 | Ossuary  | Reached XP level 7. HP: 23/44 MP: 7/7
  3336 | Ossuary  | Reached skill level 5 in Shields
  3643 | D:5      | Found a snail-covered altar of Cheibriados.
  3659 | D:5      | Reached skill level 5 in Maces & Flails
  3722 | D:5      | Found an opulent altar of Gozag.
  3735 | D:5      | Noticed Duvessa
  3735 | D:5      | Noticed Dowan
  3804 | D:5      | Killed Duvessa
  3804 | D:5      | Reached * piety under Okawaru
  3804 | D:5      | Reached skill level 5 in Fighting
  4021 | D:5      | Killed Dowan
  4203 | D:5      | Reached skill level 5 in Armour
  4203 | D:5      | Reached XP level 8. HP: 42/49 MP: 9/9
  4649 | D:6      | Reached ** piety under Okawaru
  4649 | D:6      | Reached skill level 6 in Maces & Flails
  4667 | D:6      | Noticed Blork the orc
  4709 | D:6      | Killed Blork the orc
  5078 | D:6      | Reached *** piety under Okawaru
  5134 | D:6      | Reached XP level 9. HP: 55/55 MP: 11/11
  5196 | D:6      | Reached skill level 7 in Maces & Flails
  5368 | D:6      | Found a blossoming altar of Fedhas.
  5638 | D:7      | Found a shadowy altar of Dithmenos.
  5671 | D:7      | Found a shimmering altar of Xom.
  5748 | D:7      | Found a large runed door.
  5748 | D:7      | Found a large runed door.
  6163 | D:7      | Reached **** piety under Okawaru
  6228 | D:7      | Reached skill level 5 in Invocations
  6268 | D:7      | Reached skill level 8 in Maces & Flails
  6452 | D:7      | Noticed a seven-headed hydra
  6461 | D:7      | Killed a seven-headed hydra
  6461 | D:7      | Reached XP level 10. HP: 24/63 MP: 6/14
  6497 | D:7      | Learned a level 1 spell: Apportation
  6500 | D:7      | Learned a level 2 spell: Blink
  6505 | D:7      | Learned a level 4 spell: Passage of Golubria
  6569 | D:7      | Found a large runed door.
  6569 | D:7      | Found a large runed door.
  6991 | D:7      | Reached skill level 9 in Maces & Flails
  7022 | D:7      | Reached ***** piety under Okawaru
  7129 | D:7      | Noticed a hill giant
  7156 | D:7      | Killed a hill giant
  7422 | D:8      | Noticed Joseph
  7441 | D:8      | Killed Joseph
  8000 | D:9      | Noticed Pikel
  8028 | D:9      | Killed Pikel
  8028 | D:9      | Reached XP level 11. HP: 67/68 MP: 16/16
  8313 | D:9      | Reached skill level 10 in Maces & Flails
  8371 | D:9      | Received a gift from Okawaru
  8505 | D:9      | Found Sinaat Xixaq's Distillery.
  8513 | D:9      | Bought 2 potions of might for 120 gold pieces
  8513 | D:9      | Bought a potion of resistance for 150 gold pieces
  8513 | D:9      | Bought a potion of brilliance for 60 gold pieces
  8513 | D:9      | Bought a potion of lignification for 45 gold pieces
  8513 | D:9      | Bought a potion of degeneration for 15 gold pieces
  8513 | D:9      | Bought a potion of heal wounds for 75 gold pieces
  8513 | D:9      | Bought a potion of agility for 60 gold pieces
  8613 | D:10     | Entered Level 10 of the Dungeon
  8613 | D:10     | Noticed a hill giant
  8629 | D:10     | Killed a hill giant
  8668 | D:10     | Found Gawkidec's Antique Weapon Shop.
  8685 | D:10     | HP: 3/69 [porcupine's spines (8)]
  9018 | D:10     | Found a staircase to the Lair.
  9325 | D:10     | Noticed Snorg
  9357 | D:10     | Killed Snorg
  9517 | D:10     | Reached ****** piety under Okawaru
  9517 | D:10     | Reached skill level 11 in Maces & Flails
  9643 | D:10     | Received a gift from Okawaru
  9909 | D:10     | Reached XP level 12. HP: 75/76 MP: 18/18
 10159 | D:10     | Noticed Nergalle
 10240 | D:10     | Killed Nergalle
 10240 | D:10     | Reached skill level 1 in Dodging
 10351 | Lair:1   | Entered Level 1 of the Lair of Beasts
 10369 | Lair:1   | Identified the Guide on Helpful Transmutation
 10373 | Lair:1   | Learned a level 2 spell: Repel Missiles
 10851 | Lair:1   | Mangled by a spiny frog

Skill      XL: |  1  2  3  4  5  6  7  8  9 10 11 12 |
---------------+-------------------------------------+-----
Maces & Flails | 3 4 5 6 8 9 11 | 11.2
Shields        | 4 5 6 7 8 9 |  9.5
Armour         | 4 5 7 8 9 |  9.7
Fighting       | 4 5 6 7 8 9 |  9.4
Invocations    | 1 2 3 5 6 8 |  8.5
Dodging        | 1 |  1.6

Action                   |  1- 3 |  4- 6 |  7- 9 | 10-12 || total
-------------------------+-------+-------+-------+-------++-------
Melee: Flail             |   171 |   307 |   582 |   344 ||  1404
       Morningstar       |       |       |       |   319 ||   319
       Whip              |       |       |       |   328 ||   328
Throw: Javelin           |       |     1 |       |       ||     1
       Tomahawk          |       |       |     4 |    10 ||    14
Invok: Heroism           |       |       |     1 |     2 ||     3
       Finesse           |       |       |       |     1 ||     1
Evoke: Wand              |       |       |     4 |     1 ||     5
  Use: Scroll            |       |       |    12 |     3 ||    15
       Potion            |       |       |     1 |       ||     1
  Eat: Chunk             |     1 |     8 |    15 |    18 ||    42
Armor: Scale mail        |   113 |    15 |       |       ||   128
       Plate armour      |       |   200 |   418 |   434 ||  1052
Dodge: Dodged            |    77 |    50 |    97 |   151 ||   375
Block: Shield            |    94 |   164 |   394 |   535 ||  1187
